 Dungeon Crawl Stone Soup version 0.29.1-1-gd02db6906a (webtiles) character file.

Game seed: 3377803584263101407

954 101zpm the Magician (level 8, -3/50 HPs)
             Began as a Djinni Fire Elementalist on Oct 3, 2022.
             Slain by a lemure (7 damage)
             ... led by Pikel
             ... on level 4 of the Dungeon.
             The game lasted 00:20:58 (7559 turns).

101zpm the Magician (Djinni Fire Elementalist)      Turns: 7559, Time: 00:20:59

Health: -3/50      AC:  2    Str:  7    XL:     8   Next: 36%
Gold:   281        EV: 12    Int: 20    God:
                   SH:  0    Dex: 13

rFire   + + .      SeeInvis .   (no weapon)
rCold   x . .      Faith    .   (no shield)
rNeg    . . .      Spirit   .   a - +0 robe
rPois   ∞          Reflect  .   (no helmet)
rElec   .          Harm     .   (no cloak)
rCorr   .          Rampage  .   (no gloves)
Will    +....                   (boots unavailable)
Stlth   ++........              (no amulet)
HPRegen 0.16/turn               l - ring of willpower
MPRegen 0.00/turn               (no ring)

@: flying
A: sickness immunity, fire resistance 2, cold vulnerability 1, float, innate
caster, HP casting, extra vitality 1
a: no special abilities


You were on level 4 of the Dungeon.
You visited 1 branch of the dungeon, and saw 6 of its levels.

You collected 281 gold pieces.

Inventory:

Missiles
 b - a throwing net
 r - 8 boomerangs
Armour
 a - a +0 robe (worn)
Jewellery
 l - a ring of willpower (left hand)
Wands
 i - a wand of flame (14)
 m - a wand of digging (5)
Scrolls
 c - 2 scrolls of identify {unknown}
 e - a scroll of blinking {unknown}
 f - 3 scrolls of vulnerability {unknown}
 h - 2 scrolls of poison {unknown}
 j - 6 scrolls of fear {unknown}
 u - a scroll of immolation {unknown}
 w - a scroll of torment {unknown}
Potions
 d - 2 potions of degeneration {unknown}
 g - 2 potions of haste
 k - a potion of lignification {unknown}
 n - 2 potions of resistance {unknown}
 o - a potion of flight {unknown}
 p - a potion of attraction {unknown}
 q - a potion of invisibility {unknown}
 s - a potion of curing {unknown}
 t - a potion of might {unknown}
 v - a potion of brilliance {unknown}


   Skills:
 + Level 0.1 Fighting
 + Level 2.8 Dodging
 + Level 3.0 Stealth
 + Level 6.9 Spellcasting


You had one spell level left.
You knew the following spells:

 Your Spells              Type           Power      Damage    Failure   Level
a - Foxfire               Conj/Fire      100%       2x1d9     1%          1
b - Scorch                Fire           68%        2d8       1%          2
c - Conjure Flame         Conj/Fire      34%        6-21      1%          3
d - Inner Flame           Hex/Fire       34%        N/A       1%          3
e - Flame Wave            Conj/Fire      34%        2d10      5%          4
f - Shock                 Conj/Air       100%       1d9       1%          1
g - Ensorcelled Hibernat  Hex/Ice        68%        N/A       1%          2
h - Tukima's Dance        Hex            34%        N/A       1%          3
Your spell library was empty.

Dungeon Overview and Level Annotations

Branches:
Dungeon (6/15)
 Temple: D:4-7

Altars:
Ashenzari
Trog
Xom
Zin

Annotations:
D:4 1 runed translucent door, Gabide's ghost, novice NaMo
D:5 Pikel


Innate Abilities, Weirdness & Mutations

You are immune to sickness and miasma.
You are immune to poison.
Your flesh is very heat resistant. (rF++)
You are vulnerable to cold. (rC-)
You float through the air rather than walking.
You learn spells naturally, not from books.
Your magical power is your life essence.
You have superior vitality. (+4 MHP)


Message History

The lemure hits you but does no damage.
You fly upwards.
Level annotation: 1 runed translucent door, Gabide's ghost, novice NaMo
There is a stone staircase leading down here.
Casting: Scorch (safe; 1% risk of failure)
Confirm with . or Enter, or press ? or * to list all spells.
Flames lash the lemure.
The lemure is severely wounded.
The lemure's fire resistance burns away.
The lemure barely misses you.
Casting: Foxfire (safe; 1% risk of failure)
Press: ? - help, Q - select action, (/) - cycle Dir - look around, f - activate You conjure some foxfire!
The lemure hits you!
* * * LOW HITPOINT WARNING * * *
The foxfire hits the lemure but does no damage.
The lemure is severely wounded.
The foxfire hits the lemure.
The lemure is burned terribly!
The lemure is almost dead.
Casting: Foxfire (safe; 1% risk of failure)
Press: ? - help, Q - select action, (/) - cycle Dir - look around, f - activate You conjure some foxfire!
* * * LOW HITPOINT WARNING * * *
The lemure is no longer more vulnerable to fire.
The lemure hits you.
* * * LOW HITPOINT WARNING * * *
The foxfire hits the lemure but does no damage.
The lemure is almost dead.
The foxfire hits the lemure.
The lemure is almost dead.
The lemure attacks as you move away! The lemure hits you but does no damage.
The lemure attacks as you move away! The lemure barely misses you.
The lemure attacks as you move away! The lemure hits you.
* * * LOW HITPOINT WARNING * * *
Casting: Foxfire (safe; 1% risk of failure)
Press: ? - help, Q - select action, (/) - cycle Dir - look around, f - activate You conjure some foxfire!
* * * LOW HITPOINT WARNING * * *
The lemure hits you!
You die...

#.########.###........##.##...
####.##..<......#####.#...#.##.##
........######.>#####[......##.##
........##........[.........##.##
..##.#..##......#............#.##
........##).##..#._..........'...
.....#..##..##..#............####
.#.###..##..##.5####........## #
.#.# #..##..##..@v...#.....## #
.#)###......##..v.........## #
.......###..#######...##+## #
##.##### #..#######..###.# # ##.#
#...........# #.# ...#
#...........###.######## ####
##.#...##.####..........
##.....##.##.........##.
#.........##.#.)..##.##.


You could see a lemure (ally target).

Vanquished Creatures
  Duvessa (D:5)
  A water moccasin (D:5)
  An orc warrior (D:5)
  2 ogres (D:4)
  A necrophage (D:6)
  A bullfrog (D:4)
  Dowan (D:5)
  2 orc priests
  4 iguanas
  An orc wizard (D:5)
  3 gnolls (D:4)
  An adder (D:3)
  3 dart slugs
  7 orcs
  5 ball pythons
  5 endoplasms
  A giant cockroach (D:1)
  10 goblins
  8 hobgoblins
  11 jackals (D:3)
  3 quokkas
  5 bats
  4 frilled lizards
  9 kobolds
  5 rats
95 creatures vanquished.

Vanquished Creatures (others)
  252 foxfires
252 creatures vanquished.

Grand Total: 347 creatures vanquished

Notes
Turn   | Place    | Note
-------+----------+-------------------------------------------
     0 | D:1      | 101zpm the Djinni Fire Elementalist began the quest for the
                  | Orb.
     0 | D:1      | 101zpm set off with the following spells memorised:
                  | Foxfire, Scorch, Conjure Flame, Inner Flame, Flame Wave.
     0 | D:1      | Reached XP level 1. HP: 15/15 MP: 0/0
   225 | D:2      | Reached XP level 2. HP: 14/21 MP: 0/0
   595 | D:4      | Noticed a bullfrog
   599 | D:4      | Killed a bullfrog
   600 | D:4      | Reached skill level 3 in Spellcasting
   600 | D:4      | Reached XP level 3. HP: 12/25 MP: 0/0
   600 | D:4      | Learned a level 1 spell: Shock
   600 | D:4      | Reached XP level 4. HP: 15/31 MP: 0/0
   604 | D:4      | Reached XP level 5. HP: 11/35 MP: 0/0
   604 | D:4      | Learned a level 2 spell: Ensorcelled Hibernation
   729 | D:4      | Identified the +0 robe of the Pit {Rampage rF- rC- Will+++}
   868 | D:4      | Found a shimmering altar of Xom.
   968 | D:4      | Noticed an ogre
   975 | D:4      | Killed an ogre
   976 | D:4      | Reached skill level 4 in Spellcasting
  1160 | D:4      | Reached XP level 6. HP: 34/40 MP: 0/0
  1284 | D:4      | Found a runed translucent door.
  1284 | D:4      | Noticed Gabide's ghost (novice NaMo)
  1290 | D:5      | Entered Level 5 of the Dungeon
  1330 | D:6      | Noticed an ice beast
  1601 | D:5      | Noticed an orc warrior
  1606 | D:5      | Killed an orc warrior
  1607 | D:5      | Reached skill level 5 in Spellcasting
  1740 | D:5      | Noticed Duvessa
  1742 | D:5      | Noticed Dowan
  1747 | D:5      | Killed Duvessa
  1748 | D:5      | Reached XP level 7. HP: 15/45 MP: 0/0
  1748 | D:5      | Learned a level 3 spell: Tukima's Dance
  1751 | D:5      | Killed Dowan
  2140 | D:5      | Noticed a water moccasin
  2144 | D:5      | Killed a water moccasin
  2145 | D:5      | Reached skill level 6 in Spellcasting
  3364 | D:3      | Found a glowing silver altar of Zin.
  3421 | D:3      | Found a bloodstained altar of Trog.
  5269 | D:1      | Found a faded altar of an unknown god.
  5941 | D:2      | Reached XP level 8. HP: 32/50 MP: 0/0
  6640 | D:4      | Found a broken altar of Ashenzari.
  7522 | D:5      | Noticed Pikel
  7559 | D:4      | Slain by a lemure

Illustrated notes

Levels and vault maps discovered:
D:1:      minmay_arrival_four_loops, layout_basic, basic_ecumenical_altar,
          hex_intersection, minmay_unequal
D:2:      layout_loops_ring
D:3:      layout_loops_ring, nicolae_overflow_hidden_temple, zin_treasury
D:4:      layout_loops_corners, old_standard_altar,
          mainiacjoe_overflow_chevrons, hellmonk_ghost_happy_afterlife,
          minmay_ruptured
D:5:      layout_basic, grunt_dithmenos_shadows, vehumet_crystals,
          guppyfry_early_orc_mine, uniq_duvessa, uniq_ijyb, uniq_pikel
D:6:      layout_basic, mainiacjoe_overflow_alcove_4

Skill      XL: |  1  2  3  4  5  6  7  8 |
---------------+-------------------------+-----
Spellcasting   | 3 4 5 6 |  6.9
Stealth        | 2 3 |  3.0
Fighting       | |  0.1
Dodging        | |  2.8

Action                   |  1- 3 |  4- 6 |  7- 9 || total
-------------------------+-------+-------+-------++-------
 Cast: Foxfire           |    25 |    32 |    98 ||   155
       Scorch            |     8 |     9 |    31 ||    48
       Ensorcelled Hiber |       |     6 |     1 ||     7
       Inner Flame       |       |    12 |    55 ||    67
       Shock             |       |     1 |     1 ||     2
       Tukima's Dance    |       |       |     1 ||     1
Armor: Robe              |       |       |     5 ||     5
Dodge: Dodged            |       |     2 |    16 ||    18
